 Dungeon Crawl Stone Soup version 0.14-a0-1739-g6c2808e (webtiles) character file.

484423 Zomeperzon the Slayer (level 23, -5/217 HPs)
             Began as a Djinni Fighter on Dec 31, 2013.
             Was a High Priest of Yredelemnul.
             Slain by a hell beast (8 damage)
             ... summoned by Geryon
             ... in the Vestibule of Hell on Jan 3, 2014.
             The game lasted 21:29:11 (119118 turns).

Zomeperzon the Slayer (Djinni Fighter)            Turns: 119118, Time: 21:29:11

HP  -5/217 (180) AC 33     Str 22      XL: 23   Next: 39%
MP   0/0         EV  8     Int 11      God: Yredelemnul [*****.]
Gold 4638        SH 27     Dex 19      Spells:  5 memorised, 26 levels left

rFire  + + +     SeeInvis +     u - +6,+5 orc trident (protect)
rCold  + + .     Clarity  .     o - +1 pearl dragon armour
rNeg   + + +     Conserve +     j - +0 dwarf shield
rPois  .         rCorr    +     Y - +2 elf cap {rC+}
rElec  .         rRot     .     t - +0 cloak {rCorr, Cons}
SustAb . .       Spirit   .     N - +2 pair of gloves {archer}
rMut   .         Warding  .     (boots unavailable)
Saprov . . .     NoTele   +     (no amulet)
                                V - ring of Xezanauv {-Tele rC++ Dam+8}
                                x - ring "Zycessam" {Dex+4 Int+2 SInv}

@: silence (expiring), flying, very resistant to hostile enchantments, extremely
unstealthy
A: fire immunity, cold vulnerability, clumsy 1, deterioration 1, magic
resistance 1, life protection 3, shaggy fur 1
a: no special abilities
}: 3/15 runes: decaying, silver, gossamer


You were in the Vestibule of Hell.
You worshipped Yredelemnul.
Yredelemnul was extremely pleased with you.
You were not hungry.

You visited 12 branches of the dungeon, and saw 60 of its levels.
You visited 1 bazaar.
You also visited: Labyrinth, Ossuary and Ice Cave.

You collected 7046 gold pieces.
You spent 2408 gold pieces at shops.

Inventory:

Hand weapons
 b - a +1,+0 bardiche of flaming
 u - a +6,+5 orcish trident of protection (weapon)
 R - a +4,+1 elven trident of dragon slaying
 T - a +1,+4 demon trident of venom
Armour
 j - a +0 dwarven shield (worn)
 o - a +1 pearl dragon armour (worn)
 t - a +0 cloak of preservation (worn)
 M - a +1 cloak of magic resistance
 N - a +2 pair of gloves of archery (worn)
 Y - a +2 elven cap of cold resistance (worn)
Magical devices
 g - a wand of disintegration (8)
 k - a wand of polymorph (6)
 n - a wand of draining (3)
 r - a wand of hasting (4)
 z - a wand of enslavement (10)
 F - a wand of disintegration (1)
 H - a wand of teleportation (9)
 P - a wand of hasting (5)
 U - a wand of frost (9)
 X - a wand of digging (16)
Comestibles
 O - 3 pieces of ambrosia
Scrolls
 a - 3 scrolls of fog
 i - 8 scrolls of remove curse
 l - 5 scrolls of fear
 p - 4 scrolls of teleportation
 y - 5 scrolls of identify
 A - a scroll of recharging
 C - a scroll of silence
 E - 2 scrolls of blinking
Jewellery
 m - an uncursed amulet of resist corrosion
 v - an uncursed ring of poison resistance
 x - the ring "Zycessam" (left hand) {Dex+4 Int+2 SInv}
   (You found it on level 3 of the Elven Halls)

   [ring of see invisible]

   It affects your intelligence (+2).
   It affects your dexterity (+4).
 J - a +6 ring of strength
 Q - an uncursed amulet of conservation
 S - an uncursed amulet of stasis
 V - the ring of Xezanauv (right hand) {-Tele rC++ Dam+8}
   (You found it on level 1 of the Swamp)

   [ring of slaying]

   It affects your damage-dealing abilities (+8).
   It greatly protects you from cold.
   It prevents most forms of teleportation.
Potions
 h - 2 potions of invisibility
 q - 5 potions of restore abilities
 s - 2 potions of agility
 G - 6 potions of curing
 K - 3 potions of speed
 L - a potion of magic
 W - 4 potions of resistance
Books
 e - a book of the Warp

   Spells                             Type                      Level
   Recall                             Summoning/Translocation      3
   *Control Teleport                  Charms/Translocation         4
   *Phase Shift                       Translocation                5
   Warp Weapon                        Charms/Translocation         5
   Dispersal                          Translocation                6
   *Controlled Blink                  Translocation                7
   Disjunction                        Translocation                8
 f - a book of Burglary

   Spells                             Type                      Level
   *Apportation                       Translocation                1
   Swiftness                          Charms/Air                   2
   Passwall                           Transmutation/Earth          3
   *Passage of Golubria               Translocation                4
   Lee's Rapid Deconstruction         Earth                        5
   Darkness                           Hexes                        7
 B - a book of Control

   Spells                             Type                      Level
   *Control Teleport                  Charms/Translocation         4
   Control Undead                     Necromancy                   4
   Enslavement                        Hexes                        4
   Mass Confusion                     Hexes                        6
   Metabolic Englaciation             Hexes/Ice                    6
Rods
 D - a +9 rod of warding (11/11)
   (You found it on level 3 of the Elven Halls)


   Skills:
 - Level 21.1 Fighting
 * Level 18.5 Polearms
 - Level 20.0 Armour
 - Level 10.0 Shields
 - Level 12.5 Spellcasting
 - Level 16.0 Translocations
 - Level 10.0 Invocations


You had 26 spell levels left.
You knew the following spells:

 Your Spells              Type           Power        Failure   Level  Hunger
a - Apportation           Tloc           #####.....   1%          1    None
b - Passage of Golubria   Tloc           N/A          1%          4    ###....
c - Controlled Blink      Tloc           N/A          34%         7    #######
d - Phase Shift           Tloc           #####.....   1%          5    #####..
e - Control Teleport      Chrm/Tloc      ###.......   12%         4    ###....


Dungeon Overview and Level Annotations

Branches:
Dungeon (16/16)            Temple (1/1) D:7             Orc (4/4) D:9
    Elf (3/3) Orc:3          Lair (8/8) D:10          Swamp (5/5) Lair:6
 Spider (5/5) Lair:6        Slime (0/6) Lair:8       Vaults (5/5) D:15
  Blade (1/1) Vaults:4       Hell (1/1)                 Zot (5/5) Depths:6
 Forest (0/5) Vaults:3     Depths (6/6) D:16
    Dis: Hell:1         Geh: Hell:1         Coc: Hell:1         Tar: Hell:1

Altars:
Ashenzari
Cheibriados
Elyvilon
Fedhas
Kikubaaqudgha
Makhleb
Nemelex Xobeh
Okawaru
Sif Muna
Trog
Vehumet
Xom
Yredelemnul
Zin
the Shining One
Jiyva
Lugonu

Shops:
D:7 }   D:8 (   Orc:1 (   Orc:2 [   Orc:4 :(([   Elf:1 %   Vaults:1 }
Vaults:3 /:   Depths:5 *[(

Portals:
Hell: Depths:1 Depths:2 Depths:3 Depths:4 Depths:5 Depths:6
Abyss: Depths:2 Depths:4
Pandemonium: Depths:3 Depths:5
Ziggurat: Depths:1

Annotations:
Hell Geryon


Innate Abilities, Weirdness & Mutations

You are immune to all types of fire, even holy and hellish.
You are vulnerable to cold.
You need no food.
You have no legs.
You are immune to negative energy.
You are clumsy. (Dex -2)
Your body is slowly deteriorating.
You are resistant to hostile enchantments.
You are covered in fur (AC +1).


Message History

The hell beast barely misses you. The hell beast tramples you!
* * * LOW HITPOINT WARNING * * *
You hold your ground!
The smoke demon gestures at you. Something smites you!
* * * LOW HITPOINT WARNING * * *
Unknown command.
The hell beast barely misses you. The hell beast tramples you!
* * * LOW HITPOINT WARNING * * *
You stumble backwards!
The hell beast bites you but does no damage.
The hell beast tramples you but does no damage.
A sun demon comes into view.
Geryon winds a great silver horn.
A water elemental comes into view.
The hell beast bites you but does no damage.
The hell beast tramples you but does no damage.
The hell beast bites you!
You die...
Your body rises from the dead as a mindless zombie.

............
.............#### #
.....3..........8# #
..................###+#
...................8...8
........................
.........2..............
;........2..4...2....3...
≈≈≈E....@22h2.3..........
≈≈≈≈≈.≈..................
≈≈≈≈≈.......2.&.........
≈≈≈≈≈≈.....2............
;≈≈≈≈≈.≈................
≈≈≈≈≈≈.................
≈≈≈≈≈≈................
.................∩...
..................


You could see Geryon, 7 hell beasts, a hell hog, a sun demon, a water elemental,
a giant goldfish, a shark, a smoke demon, a hellion and a red devil.

Vanquished Creatures
  An orb of fire (Zot:5)
  2 golden dragons
  2 Orb Guardians (Zot:5)
  A quicksilver dragon (Depths:3)
  A storm dragon (Zot:2)
  A shadow dragon (Vaults:5)
  A draconian monk (Zot:2)
  2 ghost moths
  An orc warlord (Orc:3)
  Jorgrun (Spider:5)
  A draconian annihilator (Zot:2)
  3 reapers (Depths:1)
  9 stone giants
  A purple draconian (Zot:1)
  A black draconian (Zot:1)
  A red draconian (Depths:6)
  A minotaur (Lab)
  Snorg (Spider:2)
  A deep elf death mage (Depths:6)
  8 ettins
  4 fire dragons
  4 vault guards (Vaults:4)
  2 yaktaur captains
  An ironheart preserver (Vaults:5)
  2 death cobs
  2 ice dragons
  7 hydras
  Harold (D:11)
  6 dancing weapons (Blade)
  Josephine (Spider:1)
  4 ogre magi
  Erica (D:10)
  5 deep troll shamans
  The ghost of 4tharraofdagon the Arsonist, a powerful NaFE of Cheibriados (Lair:3)
  A ravenous item mimic (Vaults:5)
  A tengu warrior (Depths:4)
  An alligator (Swamp:2)
  4 death yaks
  A very ugly thing (Depths:1)
  2 naga warriors
  Urug (D:12)
  3 sun demons (Depths:1)
  2 spectral elves
  3 deep troll earth magi
  3 orc high priests (Orc:4)
  2 centaur warriors
  2 soul eaters
  A titan skeleton (Depths:5)
  Nergalle (Lair:2)
  3 hell knights (Vaults:5)
  A red wasp (Lair:8)
  A shadow wraith (Vaults:5)
  3 skeletal warriors
  A deep elf knight (Elf:3)
  11 deep trolls
  2 iron trolls
  3 unseen horrors
  2 flayed ghosts
  5 necromancers
  7 hill giants
  2 ice statues
  5 orc knights
  A golden dragon skeleton (Depths:5)
  3 deep elf conjurers
  6 wolf spiders
  A crystal golem (Vaults:5)
  A harpy (Vaults:3)
  2 cyclopes
  An orc sorcerer (Elf:1)
  A griffon (shapeshifter) (Vaults:5)
  A fire giant zombie (Depths:1)
  A stone giant zombie (Depths:1)
  A shining eye (shapeshifter) (Vaults:5)
  2 sixfirhies
  A griffon (Depths:2)
  6 moths of wrath
  2 vault sentinels
  10 elephants
  Maurice (Orc:1)
  A fire giant skeleton (Depths:1)
  2 deep elf summoners
  A spiny worm (Vaults:1)
  5 black mambas
  2 smoke demons
  7 spiny frogs
  10 yaktaurs
  3 fire drakes
  5 demonic crawlers
  A redback zombie (Spider:2)
  A blue devil (Elf:3)
  3 deep elf priests
  A spriggan (D:8)
  4 komodo dragons
  4 trolls
  The ghost of Bastard the Conjurer, an experienced TeCj (Ossuary)
  2 iron devils (Depths:1)
  6 polar bears (IceCv)
  3 hellwings
  Sonja (Orc:2)
  A komodo dragon (shapeshifter) (Depths:3)
  10 slime creatures
  3 red devils
  5 jumping spiders
  14 blink frogs
  4 two-headed ogres
  2 baby alligators
  A wind drake (shapeshifter) (Depths:3)
  An ettin zombie (Depths:1)
  2 spectral orcs (Lair:2)
  A boulder beetle (Vaults:5)
  A trapdoor spider zombie (Spider:1)
  5 basilisks
  A stone giant simulacrum (Vaults:1)
  6 trapdoor spiders
  A grizzly bear (shapeshifter) (Vaults:5)
  9 tarantellas
  8 ugly things
  6 redbacks
  4 deep elf magi
  A wraith (D:13)
  21 yaks
  An ettin skeleton (Depths:1)
  A griffon skeleton (D:16)
  A hungry ghost (D:8)
  An elephant slug (Lair:3)
  4 sharks (Lair:4)
  A hell beast (Depths:1)
  A fire bat (shapeshifter) (Depths:3)
  A hill giant zombie (D:9)
  Eustachio (Orc:1)
  An air elemental (Depths:2)
  5 wyverns
  5 humans (D:10)
  5 manticores
  2 hill giant skeletons
  8 hippogriffs
  12 wolves
  4 deep elf fighters
  An iron troll simulacrum (Depths:1)
  Edmund (D:9)
  8 vampire mosquitoes
  Menkaure (D:7)
  4 necrophages (Lair:4)
  5 porcupines
  13 swamp worms
  A soldier ant (D:12)
  2 nagas
  4 sky beasts
  A yellow wasp (D:14)
  24 orc warriors
  A freezing wraith (Vaults:5)
  3 giant goldfish (Spider:5)
  2 black bears
  8 ice beasts
  3 phantoms
  11 centaurs
  15 ogres
  7 crocodiles
  2 big kobolds
  2 wargs
  Sigmund (D:2)
  2 elf zombies (D:7)
  2 giant slugs
  A brain worm (Vaults:1)
  Blork the orc (D:9)
  18 giant frogs
  8 agate snails
  19 water moccasins
  3 yaktaur skeletons
  An elf skeleton (D:7)
  An insubstantial wisp (Swamp:2)
  2 electric eels
  The ghost of Yermak the Sneak, a weakling SpEn (D:4)
  A lava snake (Depths:6)
  25 killer bees
  4 goliath beetles
  7 crimson imps
  12 orc priests
  A quasit (D:6)
  2 human zombies
  2 jellies
  16 spiders
  4 big fish
  2 centaur skeletons
  4 hounds
  4 iguanas
  13 orc wizards
  12 sheep
  A human skeleton (D:7)
  5 scorpions
  A two-headed ogre skeleton (D:13)
  3 orange rats (Depths:1)
  12 worker ants
  8 big kobold zombies (Ossuary)
  Ijyb (D:2)
  A big kobold skeleton (D:6)
  A sky beast zombie (D:8)
  A mottled dragon skeleton (D:10)
  8 boggarts
  A hound zombie (D:6)
  A mummy (Ossuary)
  11 gnolls
  13 green rats
  22 adders
  7 giant centipedes
  5 giant mites
  An inept item mimic (D:7)
  4 worms
  An inept feature mimic (Ossuary)
  6 giant eyeballs
  The ghost of Yermak the Vexing, a weakling SpEn (D:3)
  7 giant geckos
  An ooze (D:4)
  141 orcs
  3 spectral bats (Ossuary)
  2 ball pythons
  4 bat simulacra (Ossuary)
  3 gnoll zombies (Ossuary)
  13 goblins
  24 hobgoblins
  15 jackals
  19 kobolds
  5 quokkas
  19 bats
  7 giant cockroaches
  6 giant newts
  A giant spore (D:9)
  2 goblin simulacra (Ossuary)
  4 goblin zombies (Ossuary)
  3 hobgoblin zombies
  2 illusory rakshasas (Depths:3)
  2 kobold simulacra (Ossuary)
  7 kobold zombies
  An orc skeleton (D:7)
  5 orc zombies (Ossuary)
  17 rats
  A rat simulacrum (Ossuary)
  2 rat skeletons
  2 spectral goblins (Ossuary)
  5 spectral kobolds (Ossuary)
  4 spectral rats (Ossuary)
  4 ballistomycetes (D:9)
  3 fungi
  2 plants (Lair:8)
1159 creatures vanquished.

Vanquished Creatures (collateral kills)
  An ancient lich (Zot:5)
  Boris (Depths:6)
  Saint Roka (Swamp:2)
  Norris (Spider:4)
  A Killer Klown (Zot:3)
  Mennas (Vaults:2)
  7 golden dragons
  A curse toe (Zot:5)
  Jory (Blade)
  Xtahua (Depths:6)
  Frederick (Vaults:3)
  9 bone dragons
  Nikola (Swamp:5)
  Arachne (Spider:5)
  12 tentacled monstrosities
  4 liches
  3 Orb Guardians (Zot:5)
  A deep elf blademaster (Elf:3)
  A deep elf master archer (Elf:3)
  A storm dragon (shapeshifter) (Depths:3)
  11 storm dragons
  2 sphinxes
  Rupert (D:15)
  An ancient champion (Depths:2)
  Kirke (Vaults:1)
  7 shadow dragons
  6 tengu reavers
  4 draconian monks
  2 ghouls (Spider:2)
  7 fire giants
  3 draconian knights
  Wiglaf (Depths:3)
  3 draconian scorchers
  Donald (Swamp:2)
  3 deep elf sorcerers (Elf:3)
  A ghost moth (shapeshifter) (Depths:5)
  4 ghost moths
  Louise (Spider:1)
  9 frost giants
  An orc warlord (D:16)
  Aizul (Vaults:4)
  8 vault wardens
  4 draconian zealots
  3 emperor scorpions (Spider:5)
  A reaper (Depths:1)
  58 stone giants
  A greater naga (Depths:2)
  3 draconian shifters
  2 draconian callers
  4 deep elf demonologists (Elf:3)
  5 grey draconians
  6 black draconians
  4 elemental wellsprings
  4 green draconians
  14 deep elf annihilators
  Azrael (Elf:2)
  3 pale draconians (Zot:1)
  2 yellow draconians
  A lorocyproca (Depths:3)
  3 mottled draconians
  6 white draconians
  8 red draconians
  A merfolk javelineer (Depths:6)
  6 purple draconians
  25 ettins
  7 deep elf death magi
  A dire elephant (Depths:2)
  6 great orbs of eyes
  20 vault guards
  5 death cobs
  2 spriggan air magi (Depths:2)
  3 deep elf high priests (Elf:3)
  22 yaktaur captains
  11 deep troll earth magi
  A minotaur (D:16)
  27 hydras
  Fannar (Orc:4)
  6 ironheart preservers
  A hydra (shapeshifter) (Vaults:4)
  2 anacondas (Depths:2)
  10 fire dragons
  13 ice dragons
  A ravenous item mimic (Spider:4)
  16 dancing weapons (Blade)
  Nessos (D:15)
  8 alligators
  62 slime creatures
  13 ogre magi
  An anaconda (shapeshifter) (Vaults:5)
  6 tengu warriors
  25 centaur warriors
  8 naga warriors
  2 spectral elves
  2 orc high priests
  3 rakshasas
  2 alligators (shapeshifter)
  10 very ugly things
  3 sun demons
  22 hell knights
  5 deep troll shamans
  2 hell hogs (Depths:1)
  A fire crab (Vaults:1)
  4 death yaks
  Erolcha (Orc:4)
  A catoblepas (Lair:5)
  19 deep elf knights
  7 iron trolls
  A death drake (shapeshifter) (Depths:6)
  A golden dragon zombie (Depths:1)
  15 skeletal warriors
  35 deep trolls
  3 ice devils
  3 shadow wraiths (Depths:2)
  An unseen horror (shapeshifter) (Depths:3)
  2 large abominations (Depths:2)
  A deep troll (shapeshifter) (Vaults:2)
  A giant orange brain (Depths:2)
  2 sea snakes (Depths:2)
  6 unseen horrors
  10 swamp dragons
  2 flayed ghosts (Spider:2)
  5 hill giants
  6 wizards
  A giant amoeba (shapeshifter) (Elf:1)
  6 giant amoebae
  2 golden dragon skeletons
  9 ironbrand convokers
  10 harpies
  2 lindwurms (Depths:2)
  2 orc sorcerers
  3 harpies (shapeshifter)
  18 orc knights
  A moth of wrath (shapeshifter) (Vaults:5)
  19 deep elf conjurers
  A fire giant zombie (Depths:1)
  A flaming corpse (Spider:4)
  10 necromancers
  A shadow dragon skeleton (Depths:5)
  6 cyclopes
  6 griffons
  11 red wasps
  32 wolf spiders
  2 wolf spider zombies
  2 stone giant zombies (Depths:1)
  A deep dwarf berserker (Depths:4)
  4 phantasmal warriors
  13 moths of wrath
  A draconian (shapeshifter) (Vaults:5)
  A stone golem (D:15)
  A frost giant zombie (Depths:1)
  A griffon (shapeshifter) (Vaults:5)
  A frost giant skeleton (Depths:1)
  4 stone giant skeletons (Depths:1)
  3 black mambas (Lair:8)
  A queen ant (shapeshifter) (Depths:3)
  2 black mambas (shapeshifter) (Vaults:5)
  5 spiny worms
  7 elephants
  2 guardian serpents
  15 vault sentinels
  17 spiny frogs
  2 smoke demons
  An octopode (Depths:6)
  9 deep elf summoners
  A white draconian zombie (Depths:6)
  A guardian serpent (shapeshifter) (Depths:4)
  A dire elephant skeleton (Spider:1)
  A red draconian zombie (Depths:6)
  A feature mimic (Lair:4)
  2 efreet
  An orange demon (Orc:4)
  4 komodo dragons
  21 orb spiders
  An octopode (shapeshifter) (D:15)
  2 spectral deep trolls (Depths:6)
  11 demonic crawlers
  2 hellwings
  An elf (D:10)
  An anaconda simulacrum (Depths:2)
  An iron troll zombie (Depths:1)
  A formicid venom mage (Spider:4)
  2 fire drakes
  6 naga magi
  A red devil (Depths:4)
  5 spriggans
  50 yaktaurs
  A yaktaur (shapeshifter) (Vaults:4)
  A polar bear (shapeshifter) (Depths:5)
  9 deep elf priests
  2 giant fireflies
  A komodo dragon (shapeshifter) (Depths:1)
  A troll (Orc:2)
  25 jumping spiders
  A hydra zombie (D:14)
  A spriggan (shapeshifter) (Depths:5)
  A jumping spider (shapeshifter) (Vaults:5)
  2 polar bears
  2 ravens
  A blue devil (Vaults:1)
  A queen bee (Lair:6)
  A small abomination (Elf:1)
  A wind drake (shapeshifter) (D:13)
  2 trolls (shapeshifter) (Vaults:5)
  A hydra skeleton (D:15)
  23 two-headed ogres
  A baby alligator (shapeshifter) (Depths:5)
  3 giant leeches
  6 boulder beetles
  3 baby alligators
  3 bog bodies
  A snapping turtle (shapeshifter) (Vaults:4)
  9 blink frogs
  A brown ooze (shapeshifter) (Depths:4)
  A tarantella zombie (Spider:5)
  138 ugly things
  3 ettin skeletons (Depths:1)
  A snapping turtle (Depths:2)
  A jumping spider zombie (Spider:1)
  26 trapdoor spiders
  3 wraiths (Vaults:1)
  2 basilisks
  5 fire elementals (Elf:2)
  5 tengu conjurers
  11 water elementals
  2 formicids
  2 shadows
  59 redbacks
  10 sharks
  31 tarantellas
  6 vampires
  2 wyverns (Lair:8)
  A steam dragon (shapeshifter) (Vaults:4)
  29 deep elf fighters
  An elephant slug (Lair:5)
  5 hogs (Vaults:1)
  A trapdoor spider (shapeshifter) (Elf:2)
  A golden eye (Depths:2)
  4 hippogriffs
  A golden eye (shapeshifter) (Depths:1)
  A yak (shapeshifter) (Depths:2)
  A hungry ghost (D:12)
  A hill giant skeleton (D:14)
  5 merfolk (Depths:6)
  18 yaks
  32 deep elf magi
  21 vampire mosquitoes
  A human zombie (Vaults:4)
  A manticore (D:16)
  2 wolves (Lair:8)
  40 swamp worms
  2 necrophages
  5 freezing wraiths
  A mottled dragon (Depths:2)
  A minotaur simulacrum (Depths:1)
  A dwarf (shapeshifter) (Depths:5)
  4 hell hounds
  2 porcupines
  3 yellow wasps
  22 nagas
  7 giant goldfish
  34 orc warriors
  An ice beast (Orc:4)
  2 swamp dragon zombies (Swamp:5)
  An ettin simulacrum (Depths:1)
  37 ogres
  20 tengu
  12 centaurs
  A lost soul (Elf:3)
  4 giant frogs
  3 lava worms (Depths:6)
  2 fire crab zombies
  8 giant slugs
  9 crocodiles
  A swamp dragon skeleton (Swamp:5)
  3 wargs
  3 big kobolds
  A brain worm (Vaults:2)
  16 water moccasins
  A yaktaur zombie (Depths:1)
  3 rotting devils
  A big kobold (shapeshifter) (D:15)
  A hell hound zombie (Depths:2)
  A cyclops zombie (D:16)
  5 agate snails
  A glowing shapeshifter simulacrum (Depths:1)
  13 swamp drakes
  13 insubstantial wisps
  A yaktaur skeleton (Depths:1)
  2 cyclops skeletons
  3 lava fish (Depths:6)
  5 eyes of draining (Depths:2)
  23 killer bees
  An orb spider zombie (Spider:1)
  8 jellyfish
  2 hippogriff skeletons
  10 electric eels
  6 lava snakes (Depths:6)
  A hound (Lair:4)
  A spider (shapeshifter) (Depths:1)
  A crimson imp (Depths:1)
  3 goliath beetles
  20 orc priests
  An iron imp (Depths:1)
  29 spiders
  9 big fish
  An iguana (shapeshifter) (Vaults:4)
  5 orange rats
  16 orc wizards
  3 worker ants
  10 sheep
  4 boggarts
  A mummy (D:14)
  13 green rats
  5 adders
  A giant centipede (Lair:6)
  A giant mite (Spider:1)
  2 ufetubi
  A worm (D:10)
  5 giant eyeballs
  97 orcs
  3 bats
  3 goblins
  2 hobgoblins
  3 jackals (Lair:6)
  A quokka (Lair:5)
  2 illusory rakshasas (Depths:2)
  15 kobolds
  A rat (Lair:6)
  A spectral orc (Lair:2)
  8 fungi
  22 plants
2278 creatures vanquished.

Vanquished Creatures (others)
  6 profane servitors
  11 bone dragons
  A fire giant (Vaults:5)
  9 ghouls
  A spectral titan (Depths:5)
  A spectral draconian (Zot:2)
  8 death cobs
  A spectral human (Spider:5)
  A deep troll shaman (Depths:5)
  A spectral white draconian (Vaults:5)
  2 storm dragon zombies
  3 spectral elves
  4 skeletal warriors
  A ghost moth zombie (Zot:2)
  A ball lightning (Zot:4)
  9 flayed ghosts
  A deep troll (Depths:5)
  An anaconda zombie (Depths:2)
  A swamp dragon (Swamp:5)
  A hell hog zombie (Depths:1)
  7 wolf spider zombies
  A deep elf conjurer (Elf:3)
  2 spectral ogres
  A red wasp (Depths:2)
  10 flaming corpses
  A frost giant zombie (Depths:5)
  4 draconian zombies
  10 phantasmal warriors
  12 stone giant zombies
  A stone giant skeleton (Vaults:5)
  An elephant slug zombie (Lair:5)
  A spectral orc (Swamp:2)
  A death yak zombie (Depths:2)
  3 swamp worm zombies (Swamp:2)
  A mottled draconian zombie (Zot:5)
  A white draconian zombie (Zot:2)
  A grey draconian zombie (Zot:2)
  A purple draconian zombie (Zot:5)
  A sea snake zombie (Depths:2)
  9 redback zombies
  2 iron troll zombies
  A red draconian skeleton (Zot:1)
  2 demonic crawler zombies
  14 deep troll zombies
  A hellwing (Depths:6)
  3 hydra zombies
  A harpy zombie (Vaults:3)
  2 moth of wrath zombies
  2 jumping spider zombies
  6 trapdoor spider zombies (Spider:5)
  2 ice dragon zombies
  An alligator zombie (Swamp:2)
  8 tarantella zombies
  A fire dragon zombie (Depths:3)
  A trapdoor spider (Spider:5)
  12 flying skulls
  A wraith (Spider:1)
  4 ettin zombies
  12 ugly thing zombies
  A human (Vaults:1)
  19 elf zombies
  2 spiny frog zombies (Lair:3)
  An agate snail zombie (Lair:2)
  A deep troll skeleton (Depths:5)
  A freezing wraith (Spider:2)
  A lindwurm zombie (Depths:2)
  29 human zombies
  5 blink frog zombies
  An elephant zombie (Lair:7)
  4 merfolk zombies (Depths:6)
  5 vampire mosquito zombies
  3 hog zombies (Vaults:1)
  3 orc skeletons
  A fire drake zombie (Swamp:5)
  17 yaktaur zombies
  A giant slug zombie (Vaults:2)
  A komodo dragon zombie (Lair:2)
  A rotting devil (Spider:4)
  2 wyvern zombies
  3 hell hound zombies (Elf:2)
  A cyclops zombie (Depths:2)
  2 hippogriff zombies
  2 boulder beetle zombies
  3 orb spider zombies (Spider:5)
  6 yak zombies
  3 polar bear zombies (IceCv)
  4 shark zombies (Spider:2)
  A killer bee (D:10)
  5 wights
  3 wolf zombies (IceCv)
  3 giant frog zombies
  A centaur skeleton (D:10)
  11 centaur zombies
  4 water moccasin zombies
  2 basilisk zombies
  9 two-headed ogre zombies
  2 warg zombies
  8 killer bee zombies
  2 porcupine zombies
  3 crocodile zombies
  14 ogre zombies
  An ogre skeleton (Vaults:5)
  10 tengu zombies
  A necrophage skeleton (D:10)
  11 spider zombies
  10 naga zombies
  A mummy (Orc:3)
  An orange rat zombie (Depths:1)
  A worker ant zombie (D:9)
  2 big fish zombies
  A worm zombie (D:14)
  2 goliath beetle zombies
  3 adder zombies
  2 electric eel zombies
  A giant centipede zombie (Lair:8)
  64 orc zombies
  A sheep zombie (Lair:1)
  An adder skeleton (Lair:3)
  An iguana zombie (Lair:2)
  A scorpion zombie (D:9)
  A bat skeleton (Lair:3)
  7 bat zombies
  2 giant mite zombies
  A gnoll zombie (Ossuary)
  A giant gecko zombie (Lair:4)
  A giant spore (D:9)
  4 goblin zombies
  7 green rat zombies
  A hobgoblin zombie (Orc:2)
  9 jackal zombies
  3 kobold zombies
  A quokka zombie (Lair:5)
  A rat zombie (Lair:1)
  2 crawling corpses (Depths:1)
  4 fungi
  9 plants
569 creatures vanquished.

Grand Total: 4006 creatures vanquished

Notes
Turn   | Place    | Note
--------------------------------------------------------------
     0 | D:1      | Zomeperzon, the Djinni Fighter, began the quest for the Orb.
     0 | D:1      | Reached XP level 1. HP: 16/16 MP: 0/0
   135 | D:1      | Reached XP level 2. EP: 22/22
   247 | D:1      | Found a sparkling altar of Nemelex Xobeh.
   487 | D:1      | Reached XP level 3. EP: 28/28
   807 | D:1      | Reached skill level 4 in Armour
   992 | D:2      | Noticed Ijyb
  1425 | D:2      | Killed Ijyb
  1425 | D:2      | Reached XP level 4. EP: 29/34
  1453 | D:2      | Noticed Sigmund
  2037 | D:3      | Found a white marble altar of Elyvilon.
  2038 | D:3      | Noticed Yermak's ghost (weakling SpEn)
  2063 | D:3      | Killed Yermak's ghost
  2196 | D:3      | Reached XP level 5. EP: 36/40
  2973 | D:4      | Identified Nenoekh's Reference Book on Boosts
  2991 | D:4      | Noticed a phantom
  3016 | D:4      | Killed a phantom
  3016 | D:4      | Reached skill level 5 in Polearms
  3016 | D:4      | Reached XP level 6. EP: 47/47
  3020 | D:4      | Noticed an ogre
  3024 | D:4      | Killed an ogre
  3024 | D:4      | Reached skill level 5 in Shields
  3134 | D:4      | Noticed Yermak's ghost (weakling SpEn)
  3171 | D:4      | Killed Yermak's ghost
  3267 | D:4      | Reached skill level 6 in Polearms
  3267 | D:4      | Reached XP level 7. EP: 38/52
  3746 | D:4      | Noticed a phantom
  3773 | D:4      | Killed a phantom
  3779 | D:4      | Found a shimmering altar of Xom.
  3779 | D:4      | Found a snail-covered altar of Cheibriados.
  3955 | D:5      | Entered Level 5 of the Dungeon
  4236 | D:5      | Reached skill level 7 in Polearms
  4257 | D:5      | Paralysed by a giant eyeball for 4 turns
  4905 | D:6      | Reached XP level 8. EP: 53/60
  4959 | D:6      | Reached skill level 8 in Polearms
  4986 | D:6      | Reached skill level 5 in Armour
  5096 | D:6      | Found a burning altar of Makhleb.
  5097 | D:6      | Noticed a cacodemon
  5102 | D:6      | Found a glowing silver altar of Zin.
  5102 | D:6      | Noticed an angel
  5710 | D:7      | Reached skill level 9 in Polearms
  5857 | D:7      | Reached XP level 9. EP: 64/67
  5907 | D:7      | Found a sand-covered staircase.
  5917 | Ossuary  | Entered an ossuary
  5979 | Ossuary  | Noticed Bastard's ghost (experienced TeCj)
  5999 | Ossuary  | Killed Bastard's ghost
  6567 | Ossuary  | Reached skill level 10 in Polearms
  6777 | D:7      | Found Vuepip's Gadget Emporium.
  6972 | D:7      | Noticed Menkaure
  6981 | D:7      | Killed Menkaure
  6981 | D:7      | Reached skill level 5 in Fighting
  7187 | D:7      | Found a staircase to the Ecumenical Temple.
  7209 | Temple   | Entered the Ecumenical Temple
  7473 | Temple   | Became a worshipper of Yredelemnul the Dark
  7864 | D:8      | Found Ziorup's Antique Weapon Shoppe.
  9014 | D:8      | Reached XP level 10. EP: 67/81
  9070 | D:8      | Paralysed by a giant eyeball for 3 turns
  9461 | D:9      | Noticed Edmund
  9474 | D:9      | Killed Edmund
  9474 | D:9      | Acquired Yredelemnul's first power
  9853 | D:9      | Reached skill level 11 in Polearms
 10470 | D:9      | Found a glowing golden altar of the Shining One.
 10501 | D:9      | Found a blossoming altar of Fedhas.
 10505 | D:9      | Found a deep blue altar of Sif Muna.
 10757 | D:9      | Noticed a hill giant
 10758 | D:9      | Found a staircase to the Orcish Mines.
 11233 | D:9      | Noticed Blork the orc
 11249 | D:9      | Killed Blork the orc
 11328 | D:10     | Entered Level 10 of the Dungeon
 11337 | D:10     | Reached skill level 1 in Invocations
 11625 | D:9      | Gained mutation: You are clumsy. (Dex -2) [potion of mutation]
 11625 | D:9      | Gained mutation: You are dopey. (Int -2) [potion of mutation]
 11625 | D:9      | Gained mutation: You can breathe flames. [potion of mutation]
 11626 | D:9      | Lost mutation: You are dopey. (Int -2) [potion of cure mutation]
 11626 | D:9      | Lost mutation: You are clumsy. (Dex -2) [potion of cure mutation]
 11626 | D:9      | Lost mutation: You can breathe flames. [potion of cure mutation]
 11637 | D:10     | Killed an unseen horror
 11968 | D:10     | Found a staircase to the Lair.
 12007 | D:10     | Noticed Erica
 12023 | D:10     | Killed Erica
 12107 | D:10     | Reached XP level 11. EP: 57/89
 12126 | D:10     | Your ally Erica died
 12231 | D:9      | Your ally Blork died
 12286 | D:10     | Reached skill level 12 in Polearms
 12630 | D:10     | Noticed a hill giant
 12645 | D:10     | Killed a hill giant
 12994 | Lair:1   | Entered Level 1 of the Lair of Beasts
 13453 | Lair:1   | Acquired Yredelemnul's second power
 13958 | Lair:1   | Noticed a five-headed hydra
 13969 | Lair:1   | Killed a five-headed hydra
 14732 | Lair:2   | Noticed Nergalle
 15607 | Lair:2   | Killed Nergalle
 15857 | Lair:2   | Reached skill level 10 in Armour
 16198 | Lair:2   | Acquired Yredelemnul's third power
 16454 | Lair:3   | Noticed 4tharraofdagon's ghost (powerful NaFE)
 16479 | Lair:3   | Killed 4tharraofdagon's ghost
 16516 | Lair:3   | Found a labyrinth entrance.
 16526 | Lab      | Entered a labyrinth
 16675 | Lab      | Noticed a minotaur
 16685 | Lab      | Killed a minotaur
 16685 | Lab      | Reached skill level 13 in Polearms
 16687 | Lab      | Got a twisted flail {holy}
 16722 | Lab      | Identified a +3 rod of destruction (13/13) (You found it in a labyrinth)
 17038 | Lair:3   | Reached XP level 12. EP: 103/103
 17383 | Lair:3   | Noticed a seven-headed hydra
 17392 | Lair:3   | Killed a seven-headed hydra
 17913 | Lair:3   | Reached skill level 14 in Polearms
 18170 | Lair:3   | Acquired Yredelemnul's fourth power
 18535 | Lair:4   | Received a gift from Yredelemnul
 18772 | Lair:4   | Found a staircase to the Swamp.
 18955 | Lair:4   | Received a gift from Yredelemnul
 19096 | Lair:4   | the staircase to the Swamp was a mimic.
 19659 | Lair:5   | Noticed an eight-headed hydra
 19670 | Lair:5   | Killed an eight-headed hydra
 19675 | Lair:5   | Received a gift from Yredelemnul
 19816 | Lair:5   | Reached XP level 13. EP: 103/109
 20344 | Lair:6   | Reached skill level 10 in Shields
 20348 | Lair:6   | Found a staircase to the Swamp.
 20570 | Lair:6   | Found a hole to the Spider Nest.
 20576 | Lair:6   | Acquired Yredelemnul's fifth power
 20694 | Lair:6   | Upgraded the game from 0.14-a0-1707-g75daffb to 0.14-a0-1719-ga7e7698
 20694 | Lair:6   | Received a gift from Yredelemnul
 20697 | Lair:6   | Found a frozen archway.
 20698 | Lair:6   | Reached skill level 10 in Fighting
 20817 | IceCv    | Entered an ice cave
 21326 | IceCv    | Noticed a frost giant
 21634 | IceCv    | Received a gift from Yredelemnul
 22068 | Lair:6   | Reached skill level 15 in Polearms
 22136 | Lair:6   | Received a gift from Yredelemnul
 22370 | Lair:7   | Received a gift from Yredelemnul
 22715 | Lair:7   | Received a gift from Yredelemnul
 22740 | Lair:7   | Got a jewelled scale mail
 22755 | Lair:7   | Identified the cursed +0 scale mail of Egalitarianism {Dex+4} (You found it on level 7 of the Lair of Beasts)
 23379 | Lair:7   | Received a gift from Yredelemnul
 23458 | Lair:8   | Entered Level 8 of the Lair of Beasts
 23469 | Lair:8   | Paralysed by a yellow wasp for 2 turns
 24461 | Lair:8   | Reached XP level 14. EP: 111/123
 24788 | Lair:8   | Found a staircase to the Slime Pits.
 24789 | Lair:8   | Found a viscous altar of Jiyva.
 24834 | Lair:8   | Received a gift from Yredelemnul
 24841 | Lair:8   | Reached skill level 5 in Invocations
 25512 | D:10     | Noticed an ice statue
 25734 | D:10     | Received a gift from Yredelemnul
 25816 | Orc:1    | Entered Level 1 of the Orcish Mines
 25842 | Orc:1    | Found Chishrott's Weapon Shoppe.
 25923 | Orc:2    | Noticed Maurice
 25926 | Orc:2    | Noticed Eustachio
 25970 | Orc:2    | Noticed Sonja
 25984 | Orc:1    | Killed Eustachio
 25998 | Orc:1    | Killed Maurice
 26410 | Orc:2    | Killed Sonja
 26410 | Orc:2    | Received a gift from Yredelemnul
 26595 | Orc:4    | Entered Level 4 of the Orcish Mines
 26595 | Orc:4    | Noticed Erolcha
 26906 | Orc:2    | Received a gift from Yredelemnul
 27201 | Orc:4    | Killed Erolcha
 27472 | Orc:4    | Noticed Fannar
 27488 | Orc:4    | Killed Fannar
 27807 | Orc:4    | Received a gift from Yredelemnul
 28479 | Orc:4    | Your ally Fannar died
 28513 | Orc:4    | Your ally Erolcha died
 30032 | Orc:4    | Found Quamiaq's Antique Armour Emporium.
 30032 | Orc:4    | Found Pleabei's Book Emporium.
 30032 | Orc:4    | Found Puetyt's Antique Weapon Emporium.
 30032 | Orc:4    | Found Cruwn's Weapon Shoppe.
 30044 | Orc:4    | Bought a runed cloak for 36 gold pieces
 30265 | Orc:3    | Received a gift from Yredelemnul
 30511 | Orc:3    | Found a staircase to the Elven Halls.
 30569 | Orc:3    | Received a gift from Yredelemnul
 30904 | Orc:2    | Found Creytei's Antique Armour Boutique.
 30904 | Orc:2    | Noticed an orc warlord
 31186 | Orc:3    | Killed an orc warlord
 31186 | Orc:3    | Received a gift from Yredelemnul
 31318 | Orc:2    | Bought an ichor-stained scale mail for 319 gold pieces
 31333 | Orc:2    | Identified the cursed +1 scale mail of Existentialism {rC+ Int+4} (You bought it in a shop on level 2 of the Orcish Mines)
 31543 | Orc:1    | Received a gift from Yredelemnul
 32057 | Spider:1 | Entered Level 1 of the Spider Nest
 32068 | Spider:1 | Noticed Louise
 32078 | Lair:6   | Received a gift from Yredelemnul
 32378 | Spider:1 | Killed Louise
 33155 | Spider:1 | Received a gift from Yredelemnul
 33155 | Spider:1 | Received a gift from Yredelemnul
 33389 | Spider:1 | Noticed Josephine
 33401 | Spider:1 | Killed Josephine
 33405 | Spider:1 | Received a gift from Yredelemnul
 33500 | Spider:1 | Your ally Josephine died
 33683 | Spider:2 | Noticed Snorg
 33689 | Spider:2 | Killed Snorg
 33689 | Spider:2 | Reached skill level 1 in Spellcasting
 33698 | Spider:2 | Received a gift from Yredelemnul
 34005 | Spider:2 | Was placed under penance by Yredelemnul
 34686 | D:9      | Killed a hill giant
 35371 | D:2      | Killed Sigmund
 35731 | D:10     | Killed an ice statue
 36152 | D:11     | Noticed Harold
 36166 | D:11     | Was forgiven by Yredelemnul
 36186 | D:11     | Killed Harold
 36203 | D:11     | Gained mutation: You are covered in fur (AC +1). [potion of beneficial mutation]
 36233 | D:11     | Reached XP level 15. EP: 135/135
 36688 | D:12     | Noticed Urug
 36704 | D:12     | Killed Urug
 36840 | D:12     | Received a gift from Yredelemnul
 37461 | D:12     | Received a gift from Yredelemnul
 37988 | D:13     | Received a gift from Yredelemnul
 38226 | D:13     | Received a gift from Yredelemnul
 40027 | D:14     | Received a gift from Yredelemnul
 40118 | D:14     | Reached skill level 5 in Spellcasting
 40329 | D:15     | Entered Level 15 of the Dungeon
 40591 | D:15     | Received a gift from Yredelemnul
 40657 | D:15     | Found a gate to the Vaults.
 40946 | D:15     | Noticed Nessos
 40947 | D:15     | Noticed Rupert
 40950 | D:15     | Paralysed by Rupert for 5 turns
 40957 | D:15     | Killed Rupert
 40963 | D:15     | Killed Nessos
 41690 | Spider:2 | Received a gift from Yredelemnul
 41842 | Spider:2 | Noticed Agnes
 41848 | Spider:2 | Killed Agnes
 41848 | Spider:2 | Enslaved Agnes
 42291 | Spider:2 | Noticed Frances
 42297 | Spider:2 | Killed Frances
 42297 | Spider:2 | Enslaved Frances
 42297 | Spider:2 | Your ally Agnes died
 42415 | Spider:2 | Received a gift from Yredelemnul
 43401 | Spider:3 | Received a gift from Yredelemnul
 44290 | Spider:4 | Noticed Norris
 44290 | Spider:4 | Paralysed by Norris for 3 turns
 44301 | Spider:4 | Killed Norris
 44648 | Spider:4 | Received a gift from Yredelemnul
 44726 | Spider:4 | Got a dazzling ring mail
 44727 | Spider:4 | Identified the +0 ring mail "Blosisugg" {rPois} (You found it on level 4 of the Spider Nest)
 44751 | Spider:4 | Received a gift from Yredelemnul
 45098 | Spider:5 | Entered Level 5 of the Spider Nest
 45192 | Spider:5 | Noticed Jorgrun
 45203 | Spider:5 | Your ally Frances died
 45206 | Spider:5 | Killed Jorgrun
 45357 | Spider:5 | Reached skill level 15 in Armour
 45559 | Spider:5 | Received a gift from Yredelemnul
 45809 | Spider:5 | Received a gift from Yredelemnul
 45925 | Spider:5 | Reached XP level 16. EP: 81/147
 46453 | Spider:5 | Got a gossamer rune of Zot
 46682 | Spider:5 | Noticed Arachne
 46691 | Spider:5 | Killed Arachne
 46778 | Spider:5 | Received a gift from Yredelemnul
 47005 | Lair:6   | Upgraded the game from 0.14-a0-1719-ga7e7698 to 0.14-a0-1721-g84c87b2
 47039 | Swamp:1  | Entered Level 1 of the Swamp
 47801 | Swamp:1  | Received a gift from Yredelemnul
 47880 | Swamp:1  | Got a twitching pewter ring
 47886 | Swamp:1  | Identified the ring of Xezanauv {-Tele rC++ Dam+8} (You found it on level 1 of the Swamp)
 48126 | Swamp:2  | Noticed Saint Roka
 48142 | Swamp:2  | Killed Saint Roka
 48518 | Swamp:2  | Killed Donald
 48522 | Swamp:2  | Received a gift from Yredelemnul
 48953 | Swamp:2  | Reached skill level 16 in Armour
 49630 | Swamp:3  | Identified the Volume of the Mutagenic Escort
 49700 | Swamp:3  | Received a gift from Yredelemnul
 50546 | Swamp:4  | Received a gift from Yredelemnul
 51162 | Swamp:5  | Entered Level 5 of the Swamp
 51168 | Swamp:5  | Received a gift from Yredelemnul
 51883 | Swamp:5  | Noticed Nikola
 51897 | Swamp:5  | Killed Nikola
 51986 | Swamp:5  | Received a gift from Yredelemnul
 52318 | Swamp:5  | Got a decaying rune of Zot
 53234 | D:15     | Received a gift from Yredelemnul
 53717 | D:15     | Received a gift from Yredelemnul
 53737 | D:16     | Entered Level 16 of the Dungeon
 53898 | D:16     | Reached XP level 17. EP: 154/159
 54049 | D:16     | Found a staircase to the Depths.
 54453 | Vaults:1 | Entered Level 1 of the Vaults
 54920 | Vaults:1 | Reached skill level 15 in Fighting
 55560 | Vaults:1 | Received a gift from Yredelemnul
 55603 | Vaults:1 | Noticed Kirke
 55613 | Vaults:1 | Killed Kirke
 55704 | Vaults:1 | Received a gift from Yredelemnul
 55707 | Vaults:1 | Reached skill level 17 in Armour
 56027 | Vaults:1 | Found Plaij's Gadget Shop.
 56355 | Vaults:1 | Received a gift from Yredelemnul
 57803 | Vaults:1 | Received a gift from Yredelemnul
 58227 | Vaults:1 | Received a gift from Yredelemnul
 59331 | Vaults:2 | Received a gift from Yredelemnul
 60293 | Vaults:2 | Noticed Mennas
 60312 | Vaults:2 | Killed Mennas
 60312 | Vaults:2 | Reached skill level 10 in Spellcasting
 60384 | Vaults:2 | Received a gift from Yredelemnul
 60988 | Vaults:2 | Received a gift from Yredelemnul
 61694 | Vaults:2 | Received a gift from Yredelemnul
 62016 | Vaults:3 | Found a flickering gateway to a bazaar.
 62025 | Bazaar   | Entered a bazaar
 62035 | Bazaar   | Found Kyfa's Jewellery Boutique.
 62065 | Bazaar   | Found Qetoeh's Magical Wand Boutique.
 62065 | Bazaar   | Found Oxitra's Magic Scroll Shop.
 62074 | Bazaar   | Bought a scroll of identify for 18 gold pieces
 62074 | Bazaar   | Bought a scroll of identify for 18 gold pieces
 62074 | Bazaar   | Bought a scroll of enchant armour for 49 gold pieces
 62074 | Bazaar   | Bought a scroll of identify for 18 gold pieces
 62081 | Bazaar   | Bought a wand of digging (16) for 600 gold pieces
 62091 | Bazaar   | Found Inahirph's Book Shop.
 62275 | Vaults:3 | Received a gift from Yredelemnul
 62636 | Vaults:3 | Found Zaox's Book Boutique.
 62650 | Vaults:3 | Found Myusoa's Magical Wand Shoppe.
 62878 | Vaults:3 | Found a staircase to the Enchanted Forest.
 63321 | Vaults:3 | Received a gift from Yredelemnul
 63779 | Vaults:3 | Noticed Frederick
 63801 | Vaults:3 | Killed Frederick
 64363 | Vaults:3 | Received a gift from Yredelemnul
 64388 | Vaults:3 | Got a transparent sling
 64389 | Vaults:3 | Identified the +2,+8 sling of Zahedir {flame, +Fly} (You found it on level 3 of the Vaults)
 64895 | Vaults:3 | Reached skill level 10 in Invocations
 64948 | Vaults:4 | Reached XP level 18. EP: 169/169
 65999 | Vaults:4 | Noticed Aizul
 66007 | Vaults:4 | Killed Aizul
 66041 | Vaults:4 | Received a gift from Yredelemnul
 66134 | Vaults:4 | Reached skill level 18 in Armour
 67405 | Vaults:4 | Received a gift from Yredelemnul
 67865 | Vaults:4 | Received a gift from Yredelemnul
 67901 | Vaults:4 | Noticed a lich
 67938 | Vaults:4 | Killed a lich
 68610 | Vaults:4 | Found a staircase to the Hall of Blades.
 69157 | Blade    | Entered the Hall of Blades
 69157 | Blade    | Noticed Jory
 69167 | Blade    | Killed Jory
 69968 | Blade    | Reached skill level 19 in Armour
 70652 | Vaults:4 | Received a gift from Yredelemnul
 71255 | Elf:1    | Entered Level 1 of the Elven Halls
 71505 | Elf:1    | Received a gift from Yredelemnul
 71926 | Elf:1    | Found Egymiffi's Food Shoppe.
 72401 | Elf:2    | Received a gift from Yredelemnul
 72608 | Elf:2    | Noticed Azrael
 72613 | Elf:2    | Killed Azrael
 73769 | Elf:3    | Entered Level 3 of the Elven Halls
 74593 | Elf:3    | Received a gift from Yredelemnul
 75499 | Elf:3    | Received a gift from Yredelemnul
 75531 | Elf:3    | Reached XP level 19. EP: 127/179
 75579 | Elf:3    | Got a brightly glowing brass ring
 75606 | Elf:3    | Got a transparent amber ring
 75629 | Elf:3    | Identified the Incunabulum of Scorching Attacks
 75715 | Elf:3    | Identified the ring "Zycessam" {Dex+4 Int+2 SInv} (You found it on level 3 of the Elven Halls)
 76254 | Elf:3    | Received a gift from Yredelemnul
 76826 | Lair:1   | Learned a level 1 spell: Apportation
 77134 | Elf:3    | Got an encrusted chain mail
 77347 | Elf:3    | Identified the cursed -1 chain mail of Mnoasufo {Dex+5 Curse} (You found it on level 3 of the Elven Halls)
 77373 | Elf:3    | Identified a +9 rod of warding (11/11) (You found it on level 3 of the Elven Halls)
 77968 | D:16     | Reached skill level 1 in Translocations
 78089 | Depths:1 | Entered Level 1 of the Depths
 78116 | Depths:1 | Received a gift from Yredelemnul
 78216 | Depths:1 | Paralysed by a giant eyeball for 3 turns
 78586 | Depths:1 | Identified the ring of Syemuot {+Rage MR Stlth--} (You took it off a deep elf sorcerer on level 3 of the Elven Halls)
 78652 | Depths:1 | Found an ancient bone altar of Kikubaaqudgha.
 78660 | Depths:1 | Reached skill level 20 in Armour
 80542 | Depths:1 | Found a gateway to a ziggurat.
 80556 | Depths:1 | Received a gift from Yredelemnul
 80624 | Depths:1 | Found a glowing golden altar of the Shining One.
 80798 | Depths:1 | Found a gateway to Hell.
 82506 | Depths:2 | Noticed a bone dragon
 82508 | Depths:2 | Paralysed by a giant eyeball for 2 turns
 82523 | Depths:2 | Killed a bone dragon
 82528 | Depths:2 | Received a gift from Yredelemnul
 82530 | Depths:2 | Paralysed by a giant eyeball for 4 turns
 83292 | Depths:2 | Reached skill level 5 in Translocations
 83309 | Depths:2 | Received a gift from Yredelemnul
 83332 | Depths:2 | Gained mutation: You are resistant to hostile enchantments. [potion of beneficial mutation]
 83513 | Depths:2 | Found a one-way gate to the infinite horrors of the Abyss.
 85781 | Depths:3 | Noticed Wiglaf
 85803 | Depths:3 | Killed Wiglaf
 85818 | Depths:3 | Reached XP level 20. EP: 162/192
 86328 | Depths:3 | Got a jewelled falchion
 86346 | Depths:3 | Identified the cursed +2,+3 falchion of Defence by Offence {flame, rPois MR+} (You found it on level 3 of the Depths)
 87190 | Depths:3 | Received a gift from Yredelemnul
 88713 | Depths:3 | Paralysed by a giant eyeball for 4 turns
 89054 | Depths:3 | Found a one-way gate leading to the halls of Pandemonium.
 89925 | Depths:4 | Paralysed by a giant eyeball for 2 turns
 90221 | Depths:4 | Found a corrupted altar of Lugonu.
 90371 | Depths:4 | Received a gift from Yredelemnul
 90805 | Depths:4 | Noticed a golden dragon
 90813 | Depths:4 | Killed a golden dragon
 91103 | Depths:4 | Identified a +4 rod of the swarm (12/12) (You took it off a wizard on level 2 of the Depths)
 91266 | Depths:4 | Received a gift from Yredelemnul
 92172 | Depths:4 | Killed a golden dragon
 92445 | Depths:4 | Received a gift from Yredelemnul
 92984 | Depths:4 | Reached skill level 10 in Translocations
 92993 | Depths:4 | Learned a level 4 spell: Passage of Golubria
 93134 | Depths:4 | Noticed a golden dragon
 93144 | Depths:4 | Killed a golden dragon
 93262 | Depths:5 | Received a gift from Yredelemnul
 93337 | Depths:5 | Found a sparkling altar of Nemelex Xobeh.
 93634 | Depths:5 | Found Qoppaufe's Antique Armour Emporium.
 93741 | Depths:5 | Found Upteb's Weapon Boutique.
 93853 | Depths:5 | Received a gift from Yredelemnul
 94537 | Depths:5 | Received a gift from Yredelemnul
 94551 | Depths:5 | Found Klon's Hallowed Reliquary.
 94553 | Depths:5 | Found a glowing silver altar of Zin.
 95997 | Depths:5 | Reached XP level 21. EP: 200/200
 96008 | Depths:5 | Received a gift from Yredelemnul
 96018 | Depths:5 | Paralysed by a giant eyeball for 2 turns
 96148 | Depths:6 | Entered Level 6 of the Depths
 97292 | Depths:6 | Received a gift from Yredelemnul
 97640 | Depths:6 | Got a warped helmet
 97641 | Depths:6 | Identified the cursed -3 helmet of the Six Curses {Str+4 Int-3 Acc+1} (You found it on level 6 of the Depths)
 98148 | Depths:6 | Noticed Xtahua
 98155 | Depths:6 | Killed Xtahua
 98233 | Depths:6 | Noticed Boris
 98238 | Depths:6 | Received a gift from Yredelemnul
 98244 | Depths:6 | Killed Boris
 99857 | Depths:6 | Found a gate to the Realm of Zot.
101668 | Vaults:5 | Entered Level 5 of the Vaults
101677 | Vaults:4 | Reached skill level 15 in Translocations
103836 | Vaults:5 | Received a gift from Yredelemnul
104483 | Vaults:5 | Got a silver rune of Zot
104751 | Vaults:5 | Received a gift from Yredelemnul
104764 | Vaults:5 | Upgraded the game from 0.14-a0-1721-g84c87b2 to 0.14-a0-1739-g6c2808e
105606 | Vaults:5 | Reached XP level 22. EP: 201/207
106007 | Vaults:5 | Received a gift from Yredelemnul
106572 | Vaults:5 | Received a gift from Yredelemnul
106659 | Vaults:5 | Reached skill level 21 in Fighting
106774 | Vaults:5 | Received a gift from Yredelemnul
107485 | Vaults:3 | Bought a book of the Warp for 1350 gold pieces
107494 | Vaults:3 | Learned a level 7 spell: Controlled Blink
107500 | Vaults:3 | Learned a level 5 spell: Phase Shift
107505 | Vaults:3 | Learned a level 4 spell: Control Teleport
109449 | Zot:1    | Entered Level 1 of the Realm of Zot
113392 | Zot:2    | Identified a +0 cloak of preservation (You took it off a grey draconian on level 2 of the Realm of Zot)
114438 | Zot:3    | Received a gift from Yredelemnul
114898 | Zot:4    | Reached XP level 23. EP: 190/217
115693 | Zot:4    | Received a gift from Yredelemnul
115881 | Zot:5    | Entered Level 5 of the Realm of Zot
116398 | Zot:5    | Noticed an ancient lich
116410 | Zot:5    | Killed an ancient lich
116411 | Zot:5    | Noticed an orb of fire
116449 | Zot:5    | Gained mutation: You heal slowly when monsters are visible. [an orb of fire]
116450 | Zot:5    | Gained mutation: You are weak. (Str -2) [an orb of fire]
116454 | Zot:5    | Gained mutation: Your body is slowly deteriorating. [an orb of fire]
116455 | Zot:5    | Gained mutation: Your vision is a little blurry. [an orb of fire]
116456 | Zot:5    | Gained mutation: You are clumsy. (Dex -2) [an orb of fire]
116477 | Zot:5    | Gained mutation: You are frail (-10% HP). [an orb of fire]
116481 | Zot:5    | Gained mutation: Your body is deteriorating. [an orb of fire]
116487 | Zot:5    | Killed an orb of fire
117064 | Lair:1   | Lost mutation: You are weak. (Str -2) [potion of cure mutation]
117064 | Lair:1   | Lost mutation: You heal slowly when monsters are visible. [potion of cure mutation]
117064 | Lair:1   | Lost mutation: Your vision is a little blurry. [potion of cure mutation]
117064 | Lair:1   | Lost mutation: You are frail (-10% HP). [potion of cure mutation]
117064 | Lair:1   | Lost mutation: Your body is deteriorating. [potion of cure mutation]
117438 | Hell     | Entered the Vestibule of Hell
117438 | Hell     | Noticed Geryon
119115 | Hell     | HP: 2/217 [hell beast[Geryon] (11)]
119118 | Hell     | Slain by a hell beast

Action                   |  1- 3 |  4- 6 |  7- 9 | 10-12 | 13-15 | 16-18 | 19-21 | 22-24 || total
-------------------------+-------+-------+-------+-------+-------+-------+-------+-------++-------
Melee: Trident           |   165 |   245 |   842 |  1165 |  1838 |   755 |   913 |   927 ||  6850
       Rod               |       |       |       |       |     8 |       |     2 |       ||    10
       Demon trident     |       |       |       |       |       |     8 |    33 |       ||    41
Throw: Dart              |       |       |       |     7 |       |       |       |       ||     7
 Cast: Phase Shift       |       |       |       |       |       |       |       |     7 ||     7
Invok: Animate Remains   |       |       |       |    44 |       |       |       |       ||    44
       Animate Dead      |       |       |       |    29 |   153 |   166 |   149 |    62 ||   559
       Recall Undead Sla |       |       |       |     1 |    10 |    21 |    17 |     9 ||    58
       Enslave Soul      |       |       |       |       |     5 |     8 |     7 |     2 ||    22
Evoke: Wand              |       |       |       |     2 |       |    13 |     2 |     2 ||    19
       Rod               |       |       |       |       |     4 |       |     5 |       ||     9
  Use: Scroll            |     1 |     3 |    16 |     8 |    38 |    24 |    17 |     6 ||   113
       Potion            |       |       |     1 |     7 |     8 |     4 |     8 |    14 ||    42
 Stab: Distracted        |       |       |       |    14 |    33 |    17 |    38 |    24 ||   126
       Held in net/web   |       |       |       |       |     1 |       |       |       ||     1
       Confused          |       |       |       |       |       |       |       |     1 ||     1
